 Dungeon Crawl Stone Soup version 0.25.1-2-g60ff931df9 (webtiles) character file.

Game seed: 17690314953920589510

184 HawFromDerth the Chiller (level 5, 0/28 HPs)
             Began as a Deep Elf Ice Elementalist on Sept 21, 2020.
             Killed by divine providence
             ... invoked by an orc priest
              (11 damage)
             ... on level 3 of the Dungeon.
             The game lasted 00:08:38 (3648 turns).

HawFromDerth the Chiller (DEIE)                     Turns: 3648, Time: 00:08:38

Health: 0/28       AC:  2    Str:  5    XL:     5   Next: 36%
Magic:  13/13      EV: 13    Int: 21    God:
Gold:   161        SH:  0    Dex: 15    Spells: 1/12 levels left

rFire    . . .     SeeInvis .   d - +0 dagger
rCold    . . .     Gourm    .   (no shield)
rNeg     . . .     Faith    .   a - +0 robe
rPois    .         Spirit   .   (no helmet)
rElec    .         Reflect  .   (no cloak)
rCorr    .         Harm     .   (no gloves)
MR       .....                  (no boots)
Stlth    ++........             (no amulet)
HPRegen  0.09/turn              (no ring)
MPRegen  0.13/turn              (no ring)

@: very slow
A: no striking features
a: no special abilities


You were on level 3 of the Dungeon.
You were very hungry.

You visited 1 branch of the dungeon, and saw 3 of its levels.

You collected 161 gold pieces.

Inventory:

Hand Weapons
 d - a +0 dagger (weapon)
Armour
 a - a +0 robe (worn)
Jewellery
 g - an uncursed amulet of regeneration
Wands
 b - a wand of clouds (3)
Scrolls
 h - 2 scrolls of identify
 l - a scroll of teleportation
Potions
 f - a potion of might
 j - a potion of brilliance
Comestibles
 c - 4 rations


   Skills:
 + Level 0.4 Fighting
 + Level 3.2 Dodging
 + Level 3.8 Stealth
 + Level 4.3 Spellcasting
 + Level 5.9 Ice Magic


You had one spell level left.
You knew the following spells:

 Your Spells              Type           Power        Failure   Level  Hunger
a - Freeze                Ice            ####         1%          1    None
b - Frozen Ramparts       Ice            ####..       3%          3    ##.....
c - Hailstorm             Conj/Ice       ###.....     34%         4    ####...
d - Ozocubu's Armour      Chrm/Ice       ###.....     11%         3    ##.....

Your spell library contained the following spells:

 Spells                   Type           Power        Failure   Level  Hunger
 Summon Ice Beast         Ice/Summ       ###.....     34%         4    ####...


Dungeon Overview and Level Annotations

Branches:
Dungeon (3/15)

Altars:
The Shining One

Annotations:
D:3 1 transporter


Message History

The shadow imp laughs crazily.
The shadow imp sputters.
The shadow imp lashes its tail.
The shadow imp disappears for a moment.
The shadow imp lashes its tail.
HP restored.
You open the door.
The orc priest mumbles some strange prayers to Beogh against you.
Beogh smites you!
There is an open door here.
You enter the shallow water.
Moving in this stuff is going to be slow.
The shadow imp gestures at you. Pain shoots through your body!
The shadow imp picks up a beetle and eats it.
The orc priest miscasts a cantrip.
The shadow imp lashes its tail.
The orc priest invokes the aid of Beogh against you.
Beogh smites you!
You die...

...###...# #.......#.#........
.........# #.......#.##.......
#..###.#.# #..................
#..# #.#.#######.................
...# #..................##.#.....
##.# #..###############.##.......
##.###..#8P#..5.5..#≈8#.##.#.#...
........#P.#≈≈≈≈≈≈≈#.P#.##.#.#...
#..##...#..#..≈≈@..#.$#..#.#.#...
...##..©#©.'..≈♣P..+[©#©..##.#...
...###..#..#..P≈P..#.$#..........
#.## ##.#P.#≈≈≈≈≈≈≈#.P#..........
#.# #.#8P#.o.55..#≈8#.#.##.##..
#.#####.###############.#.##.....
#.##.##..........................
.................................
..................##..#.#........


You could see an orc priest and 4 shadow imps.

Vanquished Creatures
  6 gnolls
  4 adders
  2 worms (D:2)
  A dart slug (D:3)
  2 leopard geckos
  6 orcs (D:3)
  5 bats
  4 giant cockroaches
  11 goblins
  6 hobgoblins
  4 jackals (D:1)
  3 quokkas
  4 frilled lizards
  5 kobolds
  12 rats
75 creatures vanquished.

Notes
Turn   | Place    | Note
-------+----------+-------------------------------------------
     0 | D:1      | HawFromDerth the Deep Elf Ice Elementalist began the quest
                  | for the Orb.
     0 | D:1      | Reached XP level 1. HP: 10/10 MP: 6/6
    42 | D:1      | Reached XP level 2. HP: 12/15 MP: 0/8
   462 | D:1      | Reached skill level 5 in Ice Magic
   938 | D:2      | Reached XP level 3. HP: 19/19 MP: 5/9
   943 | D:2      | Learned a level 3 spell: Frozen Ramparts
  1137 | D:2      | Reached XP level 4. HP: 24/24 MP: 9/11
  1764 | D:2      | Found a glowing golden altar of the Shining One.
  2089 | D:3      | Reached XP level 5. HP: 28/28 MP: 8/13
  2345 | D:3      | Learned a level 4 spell: Hailstorm
  2349 | D:3      | Learned a level 3 spell: Ozocubu's Armour
  2553 | D:3      | Found a transporter.
  2673 | D:3      | Found a transporter.
  3648 | D:3      | Killed from afar by an orc priest

Illustrated notes

Levels and vault maps discovered:
D:1:      lightli_arrival_statue_moat, layout_loops_ring
D:2:      layout_basic, tso_oasis_becter, first_ration
D:3:      gammafunk_wand_slinger, layout_basic

Skill      XL: |  1  2  3  4 |
---------------+-------------+-----
Ice Magic      | 5 |  5.9
Dodging        | 3 |  3.2
Stealth        | 3 |  3.8
Spellcasting   | 4 |  4.3
Fighting       | |  0.4

Action                   |  1- 3 |  4- 6 || total
-------------------------+-------+-------++-------
Melee: Dagger            |    21 |    19 ||    40
 Cast: Freeze            |    22 |    49 ||    71
       Frozen Ramparts   |     1 |     4 ||     5
  Use: Scroll            |       |     7 ||     7
       Potion            |       |     2 ||     2
 Stab: Sleeping          |     5 |     7 ||    12
  Eat: Chunk             |     1 |     6 ||     7
Armor: Robe              |     5 |     5 ||    10
Dodge: Dodged            |    22 |    34 ||    56
